Map: Overgrowth LE (Void)

Players

Musumeci

  • Race: Zerg Zerg
  • League: Diamond
  • Spawn Location: 7:00

Luke - Winner!

  • Race: Protoss Protoss
  • League: Diamond
  • Spawn Location: 1:00

VOD

Have the link to the VOD?

Description

Time

  • Played on: Jan. 9, 2017, 7:26 a.m.
  • Length: 10:20
Show
View Real Time Build Order
Export as new Build Order

Musumeci Zerg 

Build Orders: Hatch First 

Get SALT Encoding   

  12  0:05  Drone  
  13  0:07  Drone  
  14  0:17  Overlord  
  14  0:22  Extractor  
  14  0:23  Drone  
  15  0:35  Drone  
  16  0:37  Drone  
  17  0:54  Hatchery  
  16  1:01  Drone  
  17  1:14  Spawning Pool  
  17  1:17  Drone  
  17  1:19  Drone  
  17  1:23  Extractor  
  17  1:25  Drone  
  18  1:31  Drone  
  19  1:54  Drone x2  
  21  2:03  Zergling x2  
  21  2:05  Queen  
  24  2:08  Queen  
  24  2:10  Drone  
  27  2:26  Hatchery  
  26  2:32  Metabolic Boost  
  26  2:47  Drone  
  26  2:48  Drone  
  26  2:49  Overlord  
  26  2:50  Overlord  
  28  3:09  Zergling x8  
  32  3:17  Zergling x2  
  32  3:18  Zergling x2  
  39  3:24  Drone  
  39  3:26  Drone x2  
  36  3:37  Drone  
  36  3:38  Drone  
  39  3:41  Drone  
  39  3:44  Drone  
  39  3:45  Queen, Drone  
  43  3:49  Zergling x8  
  47  4:02  Drone  
  47  4:03  Drone x2  
  47  4:07  Spore Crawler  
  47  4:08  Spore Crawler  
  47  4:10  Spore Crawler  
  47  4:12  Drone x3  
  47  4:18  Drone x2  
  47  4:20  Lair  
  47  4:23  Extractor  
  48  4:28  Drone  
  49  4:32  Overlord  
  49  4:33  Overlord x3  
  48  4:42  Drone x2  
  49  4:46  Extractor  
  49  4:47  Extractor  
  49  4:49  Drone x2  
  49  4:52  Drone x4  
  53  5:01  Drone  
  53  5:02  Drone x5  
  58  5:07  Drone x2  
  58  5:12  Baneling Nest  
  59  5:16  Evolution Chamber  
  58  5:21  Hatchery  
  58  5:25  Infestation Pit  
  56  5:28  Zergling x2  
  56  5:29  Zergling x6  
  60  5:38  Drone  
  60  5:39  Drone x5  
  66  5:54  Roach Warren  
  66  5:56  Baneling  
  65  5:57  Baneling  
  65  6:00  Zergling x4  
  65  6:01  Zergling x10  
  72  6:07  Baneling x3  
  72  6:09  Zerg Melee Weapons Level 1  
  72  6:10  Centrifical Hooks  
  72  6:14  Zergling x10  
  77  6:18  Drone  
  77  6:19  Drone x2  
  77  6:20  Drone  
  81  6:37  Baneling x4  
  81  6:38  Baneling x4  
  81  6:39  Roach x3  
  87  6:40  Overlord x2  
  87  6:41  Overlord x2  
  75  7:05  Roach x11  
  91  7:11  Ravager  
  82  7:32  Roach  
  82  7:33  Roach x10  
  101  7:45  Queen  
  90  8:04  Drone x6  
  90  8:05  Drone x4  
  98  8:15  Roach x2  
  98  8:27  Hatchery  
  98  8:29  Queen x2  
  98  8:30  Drone  
  98  8:31  Drone  
  103  8:39  Roach x3  
  103  8:40  Ravager  
  108  8:58  Spore Crawler  
  103  9:21  Hatchery  
  102  9:35  Zergling x2  
  102  9:36  Zergling x6  
  102  9:37  Overlord x3  
  105  9:48  Roach x3  
Show
View Real Time Build Order
Export as new Build Order

Luke Protoss - Winner!

Build Orders: 1 Gate Expand 

Get SALT Encoding   

  12  0:01  Probe (Chrono Boost)  
  13  0:11  Probe (Chrono Boost)  
  14  0:19  Pylon  
  14  0:22  Probe (Chrono Boost)  
  15  0:37  Probe (Chrono Boost)  
  15  0:40  Gateway  
  16  0:47  Probe (Chrono Boost)  
  17  0:51  Assimilator  
  17  0:58  Probe (Chrono Boost)  
  18  1:08  Probe (Chrono Boost)  
  19  1:34  Probe (Chrono Boost)  
  19  1:36  Pylon  
  20  1:44  Nexus  
  20  1:45  Probe (Chrono Boost)  
  21  1:52  Zealot  
  23  1:56  Cybernetics Core, Probe (Chrono Boost)  
  24  2:02  Assimilator  
  24  2:09  Probe (Chrono Boost)  
  25  2:20  Probe (Chrono Boost)  
  26  2:30  Probe (Chrono Boost)  
  27  2:37  Pylon  
  27  2:41  Sentry  
  28  2:46  Warp Gate, Probe (Chrono Boost)  
  28  2:49  Pylon  
  29  2:57  Probe (Chrono Boost)  
  30  2:58  Probe (Chrono Boost)  
  30  3:02  Twilight Council  
  31  3:07  Probe (Chrono Boost)  
  31  3:09  Sentry  
  31  3:10  Probe (Chrono Boost)  
  35  3:18  Probe (Chrono Boost)  
  37  3:27  Probe (Chrono Boost)  
  37  3:31  Probe (Chrono Boost)  
  38  3:38  Probe (Chrono Boost)  
  38  3:39  Sentry  
  41  3:42  Probe (Chrono Boost)  
  41  3:47  Gateway  
  42  3:49  Gateway, Pylon  
  42  3:55  Robotics Facility  
  42  3:58  Resonating Glaives  
  42  4:09  Probe (Chrono Boost)  
  44  4:10  Probe (Chrono Boost)  
  44  4:19  Assimilator, Probe (Chrono Boost)  
  44  4:21  Pylon  
  44  4:22  Pylon  
  45  4:25  Pylon  
  45  4:28  Probe (Chrono Boost)  
  45  4:30  Mothership Core (Chrono Boost)  
  48  4:33  Gateway  
  48  4:35  Gateway  
  48  4:43  Warp Prism  
  50  4:55  Gateway  
  50  4:56  Gateway  
  50  5:01  Gateway, Sentry  
  51  5:17  Pylon  
  51  5:57  Adept x5  
  51  5:58  Adept x3  
  67  6:04  Pylon  
  67  6:06  Pylon  
  67  6:18  Sentry x3  
  71  6:21  Adept  
  71  6:23  Adept  
  71  6:25  Zealot x2  
  79  6:26  Zealot  
  83  6:53  Adept x5  
  83  6:54  Adept  
  83  7:02  Adept x2  
  85  7:18  Sentry  
  69  7:45  Adept  
  69  7:46  Adept x3  
  69  7:47  Zealot x4  
  83  7:54  Immortal  
  73  8:12  Adept x2  
  75  8:13  Zealot x3  
  75  8:14  Zealot x3  
  73  8:35  Immortal  
  71  8:58  Stalker x2  
  71  8:59  Stalker x2  
  71  9:00  Zealot x3  
  71  9:01  Zealot  
  79  9:22  Observer  
  80  9:29  Stalker  
  82  9:32  Stalker, Zealot x3  
  82  9:33  Zealot x3  
  92  9:53  Zealot  
  92  9:54  Zealot x2  
  92  9:56  Zealot  
  100  10:03  Zealot x2  
  100  10:04  Stalker x2  
  92  10:15  Stalker, Zealot x2  
Tags
 
Add a new tag
Caveats
  • Supply blocks, unpowered buildings, or Contaminate may cause inaccurate times.
  • Supply counts are checked every 10 seconds.